[Event "Early-Titled-Tuesday-Blitz-May-28-2024"]
[Site "Chess.com"]
[Date "2024.05.28"]
[Round "5"]
[White "MiguelBestard1981"]
[Black "zajka-molotok"]
[Result "0-1"]
[WhiteElo "2279"]
[BlackElo "2537"]
[TimeControl "180+1"]
[EndTime "8:57:39 PDT"]
[Termination "zajka-molotok won on time"]

1. d4 e6 2. Bf4 c5 3. e3 Qb6 4. Nc3 d5 5. Rb1 Nf6 6. a3 cxd4 7. exd4 Bd6 8. Bxd6 Qxd6 9. Nf3 Nc6 10. Bd3 O-O 11.
O-O Bd7 12. Re1 Rac8 13. h3 Na5 14. Ne5 Nc4 15. Qf3 Nd2 16. Qg3 Nxb1 17. Rxb1 a6 18.
Qh4 h6 19. g4 Bb5 20. Nxb5 axb5 21. g5 hxg5 22. Qxg5 Ne4 23. Qh4 Qd8 24. Qg4 Qg5 25. f3 Qxg4+ 26. hxg4 Nd6 27. Kg2 f6 28. Ng6 Rfe8 29.
Rh1 Kf7 30. Nf4 Rh8 31. Bg6+ Ke7 32. Bh7 Kd7 33. Ng6 Rhe8 34. Nf4 Rh8 35. c3 Nc4 36.
Ng6 Rhe8 37. Nf4 Nxb2 38. Rb1 Nc4 39. Rxb5 Kc6 40. Rb4 Ra8 41. Bg6 Re7 42. a4 Nb6 43.
Bc2 e5 44. Ng6 Ree8 45. dxe5 fxe5 46. Kf2 Ra5 47. f4 exf4 48. Nxf4 Nc4 49. Bd3 Rc5 50. Bg6 Nd6 51. Bxe8+ Nxe8 52. Ne2 Nd6 53. Kf3 Rc4 54.
Rxc4+ Nxc4 55. Kf4 Kb6 56. Kg5 Ka5 57. Kg6 Kxa4 58.
Kxg7 Ne5 59. g5 Kb3 60. Kf6 Ng4+ 61. Kf5 Ne3+ 62. Ke5 b5 63. g6 Ng4+ 64. Kf5 Nh6+ 0-1

[Event "Early-Titled-Tuesday-Blitz-May-28-2024"]
[Site "Chess.com"]
[Date "2024.05.28"]
[Round "5"]
[White "BarloNadera"]
[Black "ArchibaldCerveza29"]
[Result "1-0"]
[WhiteElo "2074"]
[BlackElo "2351"]
[TimeControl "180+1"]
[EndTime "8:57:46 PDT"]
[Termination "BarloNadera won by checkmate"]

1. d4 d5 2. Nf3 Nf6 3. c4 e6 4.
Bg5 Be7 5. Nc3 O-O 6. Qc2 Nbd7 7. e3 c6 8. a3 h6 9. Bh4 a6 10. Rd1 Re8 11. Bd3 dxc4 12. Bxc4 b5 13. Ba2 Bb7 14. Bb1 Qc8 15. Ne5 Nf8 16. Bxf6 Bxf6 17. Ne4 Be7 18. O-O Qc7 19. f4 Rad8 20. Rc1 Rc8 21. b4 a5 22. Nc5 axb4 23. axb4 Red8 24. Rfd1 g6 25.
Ba2 Ra8 26. Bb3 Bc8 27. Qe4 Ra3 28. Rd3 f5 29. Qf3 Kh7 30. Qh3 Bf6 31. g4 fxg4 32.
Nxg4 Bg7 33. Qf3 e5 34. Nxe5 Bf5 35. Rdc3 Qe7 36. Nxc6 Qh4 37. Nxd8 Qxd8 38. Bg8+ Kxg8 39. Rxa3 Qh4 40. Qg3 Qh5 41. Ra2 Kh7 42. Ra7 Qe2 43.
Qf2 Qg4+ 44. Qg3 Qe2 45. Re1 Qd2 46. Qf2 Qxb4 47. e4 Bg4 48. f5 gxf5 49. exf5 Kg8 50.
Re4 Bh3 51. Rxg7+ Kxg7 52. Qg3+ Kf6 53. Qxh3 Qb1+ 54. Qf1 Qc2 55. Rf4 Qd2 56. Ne4+ Kf7 57.
Nxd2 b4 58. Qb5 Nd7 59. Qxd7+ Kf6 60. Qe6+ Kg5 61. Rh4 Kxh4 62. Qg6 h5 63. Nf3+ Kh3 64. Qg3# 1-0

[Event "Early-Titled-Tuesday-Blitz-May-28-2024"]
[Site "Chess.com"]
[Date "2024.05.28"]
[Round "5"]
[White "ckgchess"]
[Black "krstulov_alex"]
[Result "1-0"]
[WhiteElo "2896"]
[BlackElo "2659"]
[TimeControl "180+1"]
[EndTime "8:57:47 PDT"]
[Termination "ckgchess won by resignation"]

1. e4 e6 2. d4 d5 3. Nd2 c5 4. Ngf3 cxd4 5. exd5 Qxd5 6. Bc4 Qd6 7. O-O Nf6 8. Nb3 Nc6 9. Qe2 Be7 10. Rd1 O-O 11.
Nbxd4 Nxd4 12. Rxd4 Qc5 13. Be3 Qh5 14. Rh4 Qa5 15. Rd1 h6 16. Bd2 Qb6 17. Bc3 Nd5 18.
Bd4 Qc7 19. Rg4 Bf6 20. Bxd5 Bxd4 21. Nxd4 exd5 22. Rg3 Bd7 23. Qh5 Rae8 24. h3 Qe5 25.
Qf3 Kh8 26. c3 Qe4 27. Kh2 Kh7 28. Rd2 f5 29. Re2 Qxf3 30. Rxf3 Re4 31. Rfe3 Rfe8 32.
Kg1 f4 33. Rxe4 dxe4 34. Nb3 Bb5 35. Re1 Bc4 36. Nc5 e3 37. fxe3 fxe3 38. b3 Bd5 39. c4 Bc6 40. Nd3 g5 41. Re2 a5 42. Kf1 b6 43. Ke1 Kg6 44. Rc2 Be4 45. Rc3 Bxg2 46. c5 b5 47. c6 b4 48. Rc5 Bxh3 49. c7 Bc8 50. Ke2 Bg4+ 51. Ke1 h5 52. Ne5+ Rxe5 53.
Rxe5 h4 54. Re8 h3 55. c8=Q Bxc8 56. Rxc8 g4 57. Rh8 Kg5 58. Ke2 Kf4 59. Rf8+ Kg3 60. Kxe3 h2 61. Rh8 Kg2 62. Kf4 g3 63. Rh7 Kf2 64. Rh6 Kg2 65. Kg4 Kf2 66. Rh3 h1=Q 67. Rxh1 g2 68. Rh2 Kf1 69. Rxg2 Kxg2 70. Kf4 Kf2 71. Ke4 Ke2 72. Kd4 Kd2 73. Kc4 Kc2 74. Kb5 Kb2 75. Kxa5 Kc3 76. Kb5 1-0

[Event "Early-Titled-Tuesday-Blitz-May-28-2024"]
[Site "Chess.com"]
[Date "2024.05.28"]
[Round "5"]
[White "vugarrasulov"]
[Black "Dolphin_2010"]
[Result "1/2-1/2"]
[WhiteElo "3000"]
[BlackElo "2765"]
[TimeControl "180+1"]
[EndTime "8:57:50 PDT"]
[Termination "Game drawn - insufficient material"]

1. d4 d5 2. Nf3 Nf6 3. Bf4 c5 4. e3 Nc6 5. Nbd2 Bg4 6. c3 Bxf3 7. Nxf3 e6 8. Bb5 Bd6 9. Bxc6+ bxc6 10. Bxd6 Qxd6 11.
O-O O-O 12. Qa4 cxd4 13. cxd4 c5 14. Qa3 Rfc8 15. Rac1 Ne4 16. dxc5 Rxc5 17. Rxc5 Qxc5 18. Qxc5 Nxc5 19. Rc1 Nd3 20. Rc2 Nb4 21. Rc7 Nxa2 22. Ng5 Nb4 23. h4 Na6 24. Re7 Nc5 25. b4 Nd3 26. b5 Ne5 27. f4 h6 28. Nxe6 Ng6 29.
Nc7 Nxe7 30. Nxa8 d4 31. exd4 Nd5 32. Kf2 Kf8 33. Kf3 Ke7 34. g4 Kd6 35. h5 Ne7 36. b6 a6 37. b7 Nc6 38. Ke4 Nb8 39. d5 a5 40. Kd4 Na6 41. Nb6 Kc7 42. Nc4 a4 43.
Na5 Kb6 44. Nc4+ Kxb7 45. Nd6+ Kc7 46. Nxf7 a3 47. Kc3 Nb4 48. g5 Nxd5+ 49. Kb3 Nxf4 50. Nxh6 a2 51. Kxa2 Nxh5 52. Nf5 Kd7 53. Kb3 Ke6 54. Nd4+ Ke5 55. Kc4 Ke4 56. Ne6 g6 57. Kc5 Nf4 58. Ng7 Ke5 59. Kc4 Ne6 60. Ne8 Nxg5 61. Kd3 Ne6 62. Ke3 g5 63. Kf3 Nd4+ 64. Kg4 Ne6 65. Nc7 Kf6 66. Nxe6 Kxe6 67. Kxg5 1/2-1/2

[Event "Early-Titled-Tuesday-Blitz-May-28-2024"]
[Site "Chess.com"]
[Date "2024.05.28"]
[Round "5"]
[White "Lion-Al-Messi"]
[Black "NastyaHn"]
[Result "1/2-1/2"]
[WhiteElo "2641"]
[BlackElo "2487"]
[TimeControl "180+1"]
[EndTime "8:57:51 PDT"]
[Termination "Game drawn - insufficient material"]

1. e4 e6 2. d4 d5 3. exd5 exd5 4. Bd3 Nf6 5. Bg5 Be7 6. Ne2 h6 7. Bf4 O-O 8. f3 c5 9. c3 Nc6 10. g4 Nh7 11. Qc2 Ng5 12. Nd2 cxd4 13. Nxd4 Nxd4 14. cxd4 Ne6 15. Be5 f6 16. Bg3 Nxd4 17. Qc3 Nc6 18. Bc2 f5 19. O-O-O Bf6 20. Qa3 Be7 21. Qa4 a6 22. Rhe1 b5 23. Qb3 Nd4 24. Qd3 Nxc2 25. Kxc2 fxg4 26. Re5 Bb7 27. fxg4 Bf6 28. Rf5 Rc8+ 29.
Kb1 Qb6 30. h4 Qd4 31. Qxd4 Bxd4 32. Nf3 Rxf5 33. gxf5 Bf6 34. Nd4 Rc4 35. Bf2 Bc8 36.
Ne6 Bb7 37. Bd4 Kf7 38. b3 Rc8 39. Kb2 g6 40. fxg6+ Kxe6 41. Re1+ Kf5 42. Rf1+ Kxg6 43. Rxf6+ Kh5 44. Rf7 Bc6 45. Rf4 b4 46. Be3 a5 47.
Rf6 Kxh4 48. Rxh6+ Kg4 49. Bb6 Kf3 50. Bxa5 d4 51. Bxb4 d3 52. Rd6 Be4 53. a4 Rc2+ 54.
Ka3 Ke2 55. Re6 Kf3 56. Rd6 Ke3 57. a5 d2 58. Bxd2+ Rxd2 59. Rxd2 Kxd2 60. Kb4 Kc2 61. Kc4 Bd3+ 62. Kb4 Kb2 63. Ka4 Kc3 64. b4 Bc2+ 65. Kb5 Bd3+ 66. Kc5 Kb3 67. b5 Ka4 68. b6 Ba6 69. Kc6 Kxa5 70. b7 Bxb7+ 1/2-1/2

[Event "Early-Titled-Tuesday-Blitz-May-28-2024"]
[Site "Chess.com"]
[Date "2024.05.28"]
[Round "5"]
[White "zverr1"]
[Black "FlemingA"]
[Result "1/2-1/2"]
[WhiteElo "2631"]
[BlackElo "2479"]
[TimeControl "180+1"]
[EndTime "8:57:52 PDT"]
[Termination "Game drawn - insufficient material"]

1. e4 Nc6 2. Nc3 e5 3. Nf3 Nf6 4. Be2 Bc5 5. Nxe5 O-O 6. Nxc6 dxc6 7. O-O Re8 8. d3 h6 9. Be3 Bd4 10. Qd2 Ng4 11. Bxd4 Qxd4 12. Bxg4 Bxg4 13. h3 Be6 14. Qe3 Qb4 15. Rab1 a5 16. a3 Qb6 17. Qxb6 cxb6 18. d4 Rad8 19. Rbd1 f5 20. f3 b5 21. Rfe1 Kf7 22. Ne2 g5 23. Nc1 a4 24. Nd3 Kf6 25. Nc5 Bc8 26. c3 b6 27. Nd3 h5 28. Nb4 Bb7 29. Nd3 Bc8 30. Kh2 Re7 31. exf5 Bxf5 32.
Rxe7 Kxe7 33. Re1+ Kf6 34. Ne5 Rc8 35. g4 Bg6 36. gxh5 Bxh5 37. Kg3 Kf5 38. Nd7 Rc7 39. Re5+ Kg6 40. Nxb6 Rf7 41. Nc8 Rxf3+ 42. Kg2 Rd3 43. Ne7+ Kf6 44. Nxc6 Rd2+ 45. Kg3 Rxb2 46. d5 Rb3 47.
Re3 Bf7 48. d6 Be8 49. Ne5 Ke6 50. Ng4+ Kxd6 51. Rxe8 Rxc3+ 52. Kg2 Rxa3 53. Rb8 Kc5 54. Ne5 Ra2+ 55. Kg3 b4 56. Nd3+ Kc4 57. Nxb4 Rb2 58.
Rg8 Kxb4 59. Rxg5 a3 60. Rg8 a2 61. Rb8+ Kc3 62. Ra8 Kc2 63. Kg4 Kb1 64. h4 a1=Q 65.
Rxa1+ Kxa1 66. h5 Rg2+ 67. Kf5 Kb2 68. h6 Kc3 69. h7 Rh2 70. Kg6 Kd4 71. Kg7 Rg2+ 72.
Kf8 Rh2 73. Kg8 Ke5 74. h8=Q+ Rxh8+ 75. Kxh8 1/2-1/2

[Event "Early-Titled-Tuesday-Blitz-May-28-2024"]
[Site "Chess.com"]
[Date "2024.05.28"]
[Round "5"]
[White "FMalexhdez"]
[Black "elcala"]
[Result "1/2-1/2"]
[WhiteElo "2255"]
[BlackElo "2009"]
[TimeControl "180+1"]
[EndTime "8:57:52 PDT"]
[Termination "Game drawn by repetition"]

1. d4 d5 2. Nf3 Nf6 3. Bf4 c6 4. c4 Bf5 5. Nc3 e6 6. cxd5 cxd5 7. e3 Nc6 8. Bd3 Bg6 9. O-O Bd6 10. Bxd6 Qxd6 11. a3 Bxd3 12. Qxd3 O-O 13. b4 a6 14. Na4 Nd7 15. Nc5 Nxc5 16. dxc5 Qe7 17. Rab1 Rfd8 18. Nd4 Ne5 19. Qc2 Nc4 20. Qc3 Qg5 21. a4 Rac8 22.
Nf3 Qe7 23. Nd2 Nxd2 24. Qxd2 Qd7 25. Qc2 d4 26. Rfd1 e5 27. e4 Qc6 28. f3 f6 29. Rbc1 Kh8 30. Qb3 h6 31. b5 axb5 32.
axb5 Qc7 33. Rc4 Qe7 34. Qc2 Rc7 35. b6 Rc6 36. Rd3 Rdc8 37. Ra3 Rxc5 38. Rxc5 Qxc5 39. Qxc5 Rxc5 40. Ra7 d3 41. Kf2 Rc2+ 42. Ke3 d2 43. Ke2 d1=Q+ 44. Kxd1 Rxg2 45. Rxb7 Rxh2 46. Rc7 Rb2 47. b7 Kh7 48. Kc1 Rb6 49. Kc2 h5 50.
Kd3 h4 51. Ke2 Kg6 52. Kf2 Kh6 53. Kg2 g5 54. Kh3 Rb3 55. Kg4 Kg6 56. Rd7 Rb4 57. Rc7 Rb3 58. Re7 Rb4 59. Kh3 Rb3 60.
Kg4 Rb4 61. Rd7 Rb3 62. Rc7 Rb4 63. Re7 Rb3 64. Rc7 h3 65. Kxh3 Rxf3+ 66. Kg2 Rb3 67. Re7 Rb4 68. Kf3 Rb3+ 69. Kf2 Rb4 70. Kf3 Rb3+ 71.
Kf2 Rb4 72. Kf3 1/2-1/2

[Event "Early-Titled-Tuesday-Blitz-May-28-2024"]
[Site "Chess.com"]
[Date "2024.05.28"]
[Round "5"]
[White "Kirill_Klukin"]
[Black "Iskusnyh"]
[Result "1-0"]
[WhiteElo "2886"]
[BlackElo "2612"]
[TimeControl "180+1"]
[EndTime "8:57:53 PDT"]
[Termination "Kirill_Klukin won on time"]

1. d4 d5 2. c4 c6 3. Nf3 Nf6 4. Nc3 e6 5. e3 a6 6. Bd3 dxc4 7. Bxc4 b5 8. Be2 c5 9. O-O Bb7 10. b3 Nbd7 11. Bb2 Be7 12. a4 b4 13. Nb1 O-O 14. Nbd2 Qc7 15. Rc1 Rac8 16. Nc4 Qb8 17. Nfe5 Rfd8 18.
Nxd7 Nxd7 19. Bf3 cxd4 20. Bxb7 Qxb7 21. Bxd4 Nf8 22. Qg4 f6 23. Rfd1 e5 24. Bb6 Rxd1+ 25. Rxd1 h5 26. Qe2 Ne6 27. a5 h4 28. Qg4 Ng5 29. Rd7 Qc6 30. Rxe7 h3 31. f4 Qe4 32. Qxc8+ Kh7 33. Qg4 Qb1+ 34. Kf2 Ne4+ 35. Kf3 Qd1+ 36. Kxe4 Qxg4 37. gxh3 Qg2+ 38. Kd3 Qf1+ 39. Ke4 Qb1+ 40. Kd5 Qxb3 41. fxe5 Qd3+ 42. Kc5 fxe5 43. Rxe5 b3 44. Rh5+ Kg8 45. Rd5 Qe2 46. Rd8+ Kh7 47. Rd2 Qf3 48.
Kb4 Qf5 49. Bd4 Qf7 50. Kc3 Qb7 51. Rb2 Qb5 52. Rxb3 Qc6 53. Rb6 Qg2 54. Rxa6 Qxh2 55. Ra7 Qxh3 56. Rxg7+ Kh6 57. Re7 Qf1 58. Re6+ Kh7 59.
Re7+ Kh6 60. Re5 Qc1+ 61. Kb4 Qb1+ 62. Kc5 Qa2 63. Re6+ Kh7 64. a6 Qc2 65. Rb6 Qa4 66.
Rb7+ Kg8 67. Rb8+ Kf7 68. Rb6 Qa2 69. e4 1-0

[Event "Early-Titled-Tuesday-Blitz-May-28-2024"]
[Site "Chess.com"]
[Date "2024.05.28"]
[Round "5"]
[White "LileKoridze"]
[Black "TitarovVasiliYouTube"]
[Result "1/2-1/2"]
[WhiteElo "2440"]
[BlackElo "2581"]
[TimeControl "180+1"]
[EndTime "8:57:53 PDT"]
[Termination "Game drawn by repetition"]

1. d4 d6 2. Nf3 Nf6 3. c4 Bf5 4. Nc3 Nbd7 5. e3 Ne4 6. Nxe4 Bxe4 7. Bd3 Bxd3 8. Qxd3 g6 9. O-O Bg7 10. b3 O-O 11. Bb2 c5 12. Rad1 cxd4 13. exd4 a5 14. Bc3 a4 15. Rfe1 axb3 16. axb3 e6 17. Bb4 Qb6 18.
Qc3 Ra6 19. h3 Rfa8 20. Ng5 Nc5 21. Qf3 Rf8 22. dxc5 Qxb4 23. cxd6 Rxd6 24. Rxd6 Qxd6 25. Qxb7 h6 26. Ne4 Qf4 27. Qd7 Rb8 28. Qd3 Qc7 29.
Rb1 Qa5 30. c5 Qb4 31. c6 Be5 32. Qd7 Qxe4 33. Rd1 Qc2 34. Rd3 Kg7 35. g3 Rxb3 36.
Rxb3 Qxb3 37. c7 Qb1+ 38. Kh2 Bxc7 39. Qxc7 Qf5 40. Qc3+ Qf6 41. Qe3 h5 42. h4 Qf5 43.
Qd4+ Kh7 44. Qa7 e5 45. Qe3 Kg7 46. Qa7 Qe6 47. Qe3 Qd5 48. Qa7 Qd4 49. Qa2 e4 50.
Qe2 Kf6 51. Qa2 Qe5 52. Qa6+ Qe6 53. Qa1+ Kf5 54. Qa5+ Kf6 55. Qa1+ Qe5 56. Qa6+ Kf5 57. Qe2 Qd4 58. Kh3 Qd3 59. Qe1 Qf3 60. Kh2 Kf6 61. Qd2 Kg7 62. Qd4+ Kh7 63. Qa7 Kg7 64. Qd4+ Qf6 65.
Qe3 Qf5 66. Kg1 Qe5 67. Kg2 Kf6 68. Qh6 Qf5 69. Qh8+ Ke7 70. Qd4 Qf3+ 71. Kh2 Ke6 72. Qb6+ Kf5 73. Qc5+ Kf6 74. Qd4+ Ke6 75. Qb6+ Ke7 76.
Qc5+ Ke8 77. Qb5+ Ke7 78. Qc5+ Kf6 79. Qd4+ Kf5 80. Qd5+ Kf6 81. Qd4+ 1/2-1/2

[Event "Early-Titled-Tuesday-Blitz-May-28-2024"]
[Site "Chess.com"]
[Date "2024.05.28"]
[Round "5"]
[White "Matols"]
[Black "nabukatnezarr"]
[Result "1-0"]
[WhiteElo "2393"]
[BlackElo "2658"]
[TimeControl "180+1"]
[EndTime "8:57:54 PDT"]
[Termination "Matols won by checkmate"]

1. d4 Nf6 2. c4 e6 3. g3 c5 4. d5 exd5 5. cxd5 d6 6. Nc3 g6 7.
Bg2 Bg7 8. Nf3 O-O 9. O-O Re8 10. h3 Na6 11. Bf4 Nc7 12. a4 b6 13. g4 Ne4 14.
Nxe4 Rxe4 15. Bg3 Rb4 16. Nd2 Bxb2 17. Rb1 Ba6 18. Ne4 Ne8 19. g5 Bg7 20. Rxb4 cxb4 21. Re1 Rc8 22. Qb3 Bc3 23. Rc1 Bxe2 24. Nxc3 bxc3 25.
Rxc3 Rxc3 26. Qxc3 b5 27. axb5 Bxb5 28. Bf4 Bd7 29.
Bc1 Qc7 30. Qd2 Qb6 31. Bb2 Qc5 32. Ba1 a5 33. Qb2 f6 34. gxf6 Kf7 35. Kh2 Qb4 36. Qe2 Qf4+ 37. Kg1 Nxf6 38. Qb2 Ne8 39. Qh8 Qc1+ 40.
Kh2 Qf4+ 41. Kg1 a4 42. Qxh7+ Kf8 43. Qh8+ Kf7 44. Qh7+ Kf8 45. Qh8+ Ke7 46. Qh7+ Kd8 47. Qh8 Qc1+ 48. Kh2 a3 49. Qd4 a2 50. Qh4+ g5 51. Qd4 Qf4+ 52. Qxf4 gxf4 53. h4 Bg4 54.
Be4 f3 55. Kg3 Bh5 56. Kf4 Bf7 57. Kg5 Nc7 58. h5 Nxd5 59. h6 Bg8 60. Bxd5 Bh7 61.
Bf7 Ke7 62. Bg6 Bg8 63. h7 Bxh7 64. Bxh7 Ke6 65. Be4 d5 66. Bxf3 Kd6 67. Kf5 Kc5 68. Kf4 Kc4 69. Ke5 d4 70. Bxd4 Kd3 71. Be4+ Ke2 72.
f4 Kd2 73. f5 Kc1 74. f6 Kd1 75. f7 Kd2 76. f8=Q a1=Q 77. Qf2+ Kd1 78. Bxa1 Kc1 79. Qc2# 1-0

[Event "Early-Titled-Tuesday-Blitz-May-28-2024"]
[Site "Chess.com"]
[Date "2024.05.28"]
[Round "5"]
[White "Alex_Sahakyan2006"]
[Black "Aryan_Tamadon"]
[Result "1-0"]
[WhiteElo "2837"]
[BlackElo "2504"]
[TimeControl "180+1"]
[EndTime "8:57:54 PDT"]
[Termination "Alex_Sahakyan2006 won by resignation"]

1. e4 d5 2. exd5 Qxd5 3. Nc3 Qd6 4. Nf3 Nf6 5. d4 Nc6 6. Bb5 a6 7. Ba4 b5 8. Bb3 Na5 9. Ne5 Nxb3 10. axb3 Bb7 11.
Bf4 Qb6 12. O-O e6 13. Re1 Rd8 14. Be3 c5 15. dxc5 Bxc5 16. Bxc5 Qxc5 17. Qc1 O-O 18. Qf4 Rd4 19. Nd3 Qb6 20. Qe3 Rfd8 21. Ne2 Qc6 22. f3 R4d6 23. Rac1 Ng4 24. Qg5 Qb6+ 25. Qc5 Ne3 26.
Qxb6 Rxb6 27. Nc5 Bc8 28. Kf2 Nd5 29. Red1 Rbd6 30. Ne4 R6d7 31. c3 f5 32. Nc5 Rc7 33. Nd3 Kf7 34. Ndf4 Rcd7 35. Nxd5 Rxd5 36. Rxd5 Rxd5 37. Ke3 e5 38. g3 Bb7 39. f4 Kf6 40. c4 Rc5 41. fxe5+ Rxe5+ 42. Kf2 g5 43. c5 Rd5 44. c6 Bc8 45. c7 Ke6 46. Rc6+ Rd6 47.
Nd4+ Kd5 48. Rxd6+ Kxd6 49. Nf3 h6 50. h4 gxh4 51. Nxh4 Kxc7 52. Ke3 Kd6 53. Kd4 Be6 54. b4 Bd7 55. Ng6 Bc8 56. Nf4 Bb7 57. Nh5 Be4 58.
Nf6 Bc2 59. Ng8 h5 60. Nf6 Bd1 61. Nd5 Ke6 62. Nc7+ Kf6 63. Nxa6 Kg5 64. Nc7 Be2 65. Ke3 Bc4 66. Kf3 Bd3 67. Ne6+ Kf6 68. Nd4 Be4+ 69. Kf4 Bd3 70. Nf3 Bf1 71. Nd4 Bd3 72. b3 Kg6 73. Nc6 Bc2 74. Ne5+ Kf6 75. Nf3 Bxb3 76. Nd4 Bc4 77. Nxf5 Kg6 78. Ne3 Be2 79. Nd5 Kh6 80. Kf5 Bd3+ 81. Kf6 Bc4 82. Ne3 Be2 83. Nf5+ Kh7 84.
Kg5 Kg8 85. Nd6 Kg7 86. Ne4 Kf7 87. Nf6 Ke6 88. Nxh5 Kd5 89. Nf4+ Kc4 90. Nxe2 Kxb4 91. Kf4 Kc4 92. g4 b4 93. Nc1 Kc3 94. g5 Kc2 95. Ne2 b3 96. Nd4+ Kc3 97. Nxb3 Kxb3 98. g6 1-0

[Event "Early-Titled-Tuesday-Blitz-May-28-2024"]
[Site "Chess.com"]
[Date "2024.05.28"]
[Round "5"]
[White "Narek_Ghimoyan"]
[Black "Mikhail_Golubev"]
[Result "0-1"]
[WhiteElo "2423"]
[BlackElo "2627"]
[TimeControl "180+1"]
[EndTime "8:57:54 PDT"]
[Termination "Mikhail_Golubev won by checkmate"]

1. e4 c5 2. Nc3 Nc6 3. Bb5 Nd4 4. Bc4 e6 5. Nge2 Qc7 6. O-O a6 7. d3 b5 8. Bb3 Nxb3 9. axb3 Bb7 10. f4 f5 11. Ng3 O-O-O 12. Qe2 g6 13. e5 Ne7 14. Be3 Nc6 15. Qf2 Nb4 16. Rfd1 h5 17. Nf1 h4 18. h3 Be7 19. Nh2 g5 20. fxg5 f4 21.
Qxf4 Nxc2 22. Rac1 Rdf8 23. Rxc2 Rxf4 24. Bxf4 Rf8 25.
Rf2 Rxf4 26. Rxf4 Qxe5 27. Rdf1 Bxg5 28. Rg4 Kc7 29. Ne4 Be3+ 30. Kh1 Qxb2 31. Rf7 Qxb3 32. Rgg7 Bc6 33. Nf1 Qxd3 34. Nxe3 Qxe3 35. Nf6 Qxh3+ 36. Kg1 Qe3+ 37. Kh2 Qe5+ 38. Kh3 Qd4 39. Rf8 Qe3+ 40. Kh2 Qe5+ 41. Kh3 Qe3+ 42. Kh2 a5 43. Rff7 Qd4 44. Kh3 a4 45. Ng4 a3 46. Rg8 Qd3+ 47. Kxh4 Bxg2 48.
Rff8 Bc6 49. Rc8+ Kb6 50. Rb8+ Bb7 51. Kg5 Qd5+ 52. Kh4 a2 53. Rg5 Qxg5+ 54. Kxg5 a1=Q 55. Rf8 Qc1+ 56. Kg6 Qc2+ 57. Kg5 Qe4 58. Nf6 Qe5+ 59.
Kg6 Qd4 60. Kf7 Kc7 61. Ne8+ Kc6 62. Ke7 b4 63. Nf6 Qd6+ 64. Kf7 Qxf8+ 65. Kxf8 b3 66.
Ng8 b2 67. Ne7+ Kd6 68. Ng6 b1=Q 69. Nh8 Qf5+ 70. Nf7+ Qxf7+ 71. Kxf7 c4 72. Kf6 c3 73. Kg5 c2 74. Kg6 c1=Q 75. Kg7 Qf1 76. Kh8 Ke7 77. Kh7 Qg1 78. Kh6 Kf6 79. Kh5 Bf3+ 80. Kh6 Qg6# 0-1

[Event "Early-Titled-Tuesday-Blitz-May-28-2024"]
[Site "Chess.com"]
[Date "2024.05.28"]
[Round "5"]
[White "twofoxniel"]
[Black "kingofthenil"]
[Result "1-0"]
[WhiteElo "2696"]
[BlackElo "2919"]
[TimeControl "180+1"]
[EndTime "8:57:55 PDT"]
[Termination "twofoxniel won on time"]

1. e4 Nc6 2. Nf3 d5 3. exd5 Qxd5 4. Nc3 Qh5 5. Be2 Bg4 6. h3 O-O-O 7. d3 e5 8. O-O Bxf3 9. Bxf3 Qg6 10. Re1 Nge7 11. Be3 f5 12. b4 e4 13. Be2 Qf6 14. Bd2 Ng6 15. dxe4 Nh4 16. Bd3 Ne5 17. Bf4 Bxb4 18.
Nd5 Qg6 19. Bg3 Rxd5 20. exd5 Bxe1 21. Bxh4 Bc3 22. Rb1 Kb8 23. Bg3 Qf6 24. Bxe5 Bxe5 25. Qf3 g6 26. d6 c6 27. Qxc6 Qg7 28. d7 Bh2+ 29. Kxh2 Qe5+ 30. Kg1 Qc7 31. Qxc7+ Kxc7 32. Rd1 Kxd7 33. Bxf5+ Kc7 34. Be4 Re8 35. f3 Re7 36. Kf2 Kb6 37. g4 Kc5 38. Kg3 b5 39. h4 Kc4 40. Bd5+ Kc3 41. Bb3 a5 42. Rd3+ Kb2 43. a4 bxa4 44. Bxa4 Rc7 45. Rd4 Kc3 46. Re4 Kd2 47. g5 Kc3 48. Kg4 Kb2 49. h5 Ka3 50. hxg6 hxg6 51. Bb3 Rc5 52. Ra4+ Kb2 53. f4 Rb5 54.
Rc4 Rd5 55. Rc6 Rd2 56. Rxg6 Rd4 57. Ra6 Rd2 58. Rxa5 Rg2+ 59. Kf5 Rg1 60. g6 Re1 61.
g7 Re8 62. g8=Q Re7 63. Qh8+ Rg7 64. Qxg7+ Kc1 65. Ra1+ Kd2 66. Qg2+ Kc3 67. Rd1 Kb4 68. c4 Ka5 69. Qd2+ Kb6 70. Qb4+ 1-0

[Event "Early-Titled-Tuesday-Blitz-May-28-2024"]
[Site "Chess.com"]
[Date "2024.05.28"]
[Round "5"]
[White "atbenina64"]
[Black "vishwa_vijeta"]
[Result "1/2-1/2"]
[WhiteElo "2794"]
[BlackElo "2619"]
[TimeControl "180+1"]
[EndTime "8:57:55 PDT"]
[Termination "Game drawn by stalemate"]

1. c4 c5 2. Nf3 Nc6 3. Nc3 g6 4. e3 Bg7 5. d4 cxd4 6. exd4 d6 7.
d5 Ne5 8. Nxe5 Bxe5 9. Bd3 Bg7 10. O-O Nf6 11. Re1 O-O 12. h3 e5 13. dxe6 Bxe6 14. Bg5 h6 15. Bh4 Rc8 16. Qf3 g5 17. Bg3 Bxc4 18. Bxc4 Rxc4 19. Qxb7 d5 20. Rad1 d4 21.
Qxa7 Qa8 22. Qxa8 Rxa8 23. Nb5 Nh5 24. b3 Rb4 25. a4 Nxg3 26. fxg3 Rxb3 27. Nxd4 Rb2 28.
Nf5 Rxa4 29. Re8+ Kh7 30. Re7 Bf6 31. Red7 Raa2 32. Ne3 Re2 33. Ng4 Rxg2+ 34. Kh1 Kg7 35. Rf1 Rxg3 36. Nxf6 Rxh3+ 37. Kg1 Rhh2 38. Ne8+ Kg6 39.
Rd6+ Kh7 40. Rxf7+ Kg8 41. Rg7+ Kf8 42. Rf6+ Kxe8 43. Rb7 Rag2+ 44. Kf1 Rb2 45. Rxb2 Rxb2 46. Rxh6 Kf7 47. Rc6 Kg7 48. Kg1 Rd2 49. Rc5 Kg6 50. Rc6+ Kh5 51. Rc1 Kh4 52. Rf1 g4 53. Kh1 Kh3 54. Kg1 g3 55. Rb1 Rg2+ 56. Kh1 Rf2 57.
Kg1 Rf4 58. Kh1 Re4 59. Kg1 Kg4 60. Kh1 Kf3 61. Kg1 Re3 62. Rf1+ Kg4 63. Rb1 Re2 64.
Rf1 Kh4 65. Rf4+ Kh3 66. Rf1 g2 67. Rf3+ Kg4 68. Rf2 Rxf2 69. Kxf2 Kh3 70. Kg1 Kg3 1/2-1/2

[Event "Early-Titled-Tuesday-Blitz-May-28-2024"]
[Site "Chess.com"]
[Date "2024.05.28"]
[Round "5"]
[White "LLRChess"]
[Black "suyu28"]
[Result "0-1"]
[WhiteElo "2579"]
[BlackElo "2771"]
[TimeControl "180+1"]
[EndTime "8:57:56 PDT"]
[Termination "suyu28 won on time"]

1. e4 c6 2. d4 d5 3. exd5 cxd5 4.
Bd3 Nf6 5. h3 g6 6. c3 Bf5 7.
Nf3 Bxd3 8. Qxd3 Nc6 9. O-O Bg7 10. Bf4 O-O 11. Nbd2 e6 12. Rfe1 a6 13. Ne5 Nxe5 14.
dxe5 Nd7 15. Nf3 Qc7 16. Nd4 Nc5 17. Qc2 Ne4 18. f3 Nc5 19. h4 b5 20. h5 Rab8 21.
a3 Rfc8 22. Rad1 a5 23. Qf2 b4 24. hxg6 hxg6 25. Qh4 Na4 26. cxb4 Nxb2 27. Rc1 Qb6 28. Be3 Rxc1 29. Rxc1 Nc4 30. Bf2 Qb7 31. f4 axb4 32. axb4 Qxb4 33. Nc6 Qd2 34. Rxc4 Rb1+ 35. Kh2 dxc4 36.
Ne7+ Kf8 37. Bc5 Ke8 38. Nf5 Qd8 39. Nxg7+ Kd7 40. Qh7 Kc6 41. Be3 Rb3 42. Qh3 c3 43. Qf3+ Qd5 44. Qf2 Rb2 45. Qf1 Qb5 46. Qf3+ Qd5 47.
Qf1 Qb5 48. Qf3+ Kc7 49. Ne8+ Qxe8 50. Bb6+ Kxb6 51. Qxc3 Qb5 52. Qd4+ Ka5 53. Qd8+ Qb6 54. Qa8+ Kb4 55. Qf8+ Kc3 56. Qxf7 Qb7 57. Qxb7 Rxb7 58.
Kg3 Kd4 59. Kg4 Ke4 60. g3 Rf7 61. Kg5 Kf3 62. Kxg6 Rf5 0-1

[Event "Early-Titled-Tuesday-Blitz-May-28-2024"]
[Site "Chess.com"]
[Date "2024.05.28"]
[Round "5"]
[White "GMAneta"]
[Black "MNyuyu"]
[Result "0-1"]
[WhiteElo "2531"]
[BlackElo "2333"]
[TimeControl "180+1"]
[EndTime "8:57:56 PDT"]
[Termination "MNyuyu won by resignation"]

1. d4 d5 2. Nf3 e6 3. c4 h6 4. Nc3 Nf6 5. cxd5 exd5 6. Bf4 Bd6 7. Bg3 Bxg3 8. hxg3 c6 9. e3 Bf5 10. Be2 O-O 11.
Qb3 Qb6 12. Nd2 Nbd7 13. O-O Rfe8 14. Rfc1 Ne4 15. Ncxe4 Bxe4 16. Qxb6 axb6 17. Nxe4 Rxe4 18. b4 b5 19. a4 Rxa4 20. Rxa4 bxa4 21. b5 Re6 22.
bxc6 Rxc6 23. Rb1 Rb6 24. Rc1 Rb2 25. Bd3 g6 26. Rc7 Nf6 27. Rc8+ Kg7 28. Ra8 b5 29. Ra5 Ne4 30. f3 Nc3 31. e4 dxe4 32. fxe4 Rd2 33. Bxb5 a3 34. Bc4 Rxd4 35. Bb3 Rb4 36. Bd5 a2 37.
Bxa2 Nxa2 38. Rxa2 Rxe4 39. Kf2 h5 40. Ra6 Rb4 41. Rc6 g5 42. Rd6 f6 43. Rc6 Kg6 44. Rc5 Rb2+ 45. Kg1 Re2 46. Rd5 Re5 47. Rd8 Kf5 48.
Rd4 Re4 49. Rd6 Re6 50. Rd4 Re4 51. Rd6 Kg4 52. Rxf6 Kxg3 53. Rf3+ Kg4 54. Kh2 h4 55. Rf8 Rb4 56. Rf7 Rb2 57. Kg1 h3 58. gxh3+ Kg3 59.
Kf1 Rb1+ 60. Ke2 Kxh3 61. Rf3+ Kg2 62. Ra3 g4 63. Ke3 g3 64. Ra2+ Kg1 65. Kf3 Rb3+ 66.
Ke2 g2 67. Ra1+ Kh2 68. Kf2 Rb8 69. Ra2 Rf8+ 70. Ke3 Kh1 71. Ra8 g1=Q+ 72. Ke4 Rxa8 0-1

[Event "Early-Titled-Tuesday-Blitz-May-28-2024"]
[Site "Chess.com"]
[Date "2024.05.28"]
[Round "5"]
[White "luca_va99"]
[Black "Gnechko_Ruslan"]
[Result "0-1"]
[WhiteElo "2219"]
[BlackElo "2501"]
[TimeControl "180+1"]
[EndTime "8:57:57 PDT"]
[Termination "Gnechko_Ruslan won on time"]

1. e4 c6 2. Nf3 d5 3. Nc3 Bg4 4. h3 Bxf3 5. Qxf3 e6 6. Be2 g6 7. O-O Bg7 8. d3 Ne7 9. Bg5 Nd7 10. Rfe1 h6 11. Bxe7 Qxe7 12. exd5 cxd5 13. Nxd5 exd5 14. Bf1 Ne5 15. Qe2 O-O 16. d4 Rfe8 17. dxe5 Bxe5 18. Rad1 Qd6 19. g3 Re7 20. Bg2 Bf6 21. Qb5 Rxe1+ 22.
Rxe1 Rd8 23. Qxb7 Rb8 24. Qxd5 Qa6 25. b3 Qxa2 26. Be4 Kg7 27. Bd3 Rd8 28. Qb7 Qa5 29. Re2 Qd5 30. Qxa7 Rd7 31. Qe3 Bd4 32. Qe4 Qg5 33.
Kg2 h5 34. h4 Qc5 35. Bc4 Bf6 36.
Re3 Rd2 37. Rf3 Qc7 38. Bd3 Qd6 39. Qf4 Qxf4 40. Rxf4 Rd1 41. Kf3 Rb1 42. Re4 Bc3 43. Re2 f5 44. Ke3 Kf6 45. Bc4 Rd1 46. Bd3 Rb1 47.
Kf3 Rd1 48. Bb5 Rb1 49. Bc4 Rd1 50. Kg2 Rc1 51. Bd3 Rd1 52. Kf3 Rb1 53. Re8 Rd1 54.
Rd8 Rc1 55. Rd6+ Kg7 56. Ke2 Re1+ 57. Kf3 Rc1 58. Rc6 Bd4 59. Kf4 Bxf2 60. c4 Rg1 61. Be2 Bxg3+ 62. Ke3 Bxh4 63. b4 Bg5+ 64. Kd3 Rb1 65.
b5 Rb3+ 66. Kd4 Be3+ 67. Kd5 h4 0-1